 Dungeon Crawl Stone Soup version 0.31.0-12-g77e489cdc1 (webtiles) character file.

Game seed: 567993873981889924

252 cdecastro the Trooper (level 5, -2/48 HPs)
             Began as an Armataur Warper on Feb 26, 2024.
             Was a Follower of Wu Jian.
             Slain by a gnoll
             ... wielding a +1 heavy flail
              (16 damage)
             ... on level 6 of the Dungeon.
             The game lasted 00:04:47 (2358 turns).

cdecastro the Trooper (Armataur Warper)             Turns: 2358, Time: 00:04:47

Health: -2/48      AC:  7    Str: 17    XL:     5   Next: 89%
Magic:  7/7        EV:  7    Int: 15    God:    Wu Jian [*.....]
Gold:   131        SH:  0    Dex:  9    Spells: 7/7 levels left

rFire   . . .        k - +3 dagger
rCold   . . .        (no shield)
rNeg    . . .        u - +0 scale mail
rPois   .            n - +0 helmet
rElec   .            (no cloak)
rCorr   .            (no gloves)
SInv    .            (no barding)
Will    .....        (no amulet) Stlth
                     (no ring)
HPRegen 0.28/turn    (no ring)
MPRegen 0.10/turn

%: roll
@: no status effects
A: large, deformed body, tough skin 3, armoured tail, roll 1
a: Renounce Religion


You were on level 6 of the Dungeon.
You worshipped Wu Jian.
Wu Jian was aware of your devotion.
You visited 1 branch of the dungeon, and saw 4 of its levels.

You collected 131 gold pieces.

Inventory:

Hand Weapons
 a - a +0 mace
 f - a +1 dagger of draining
 k - a +3 dagger (weapon)
Missiles
 d - 7 darts of dispersal (quivered)
 h - 4 poisoned darts
 i - 4 javelins
Armour
 b - a +0 leather armour
 n - a +0 helmet (worn)
 u - a +0 scale mail (worn)
Jewellery
 g - a ring of poison resistance
Wands
 m - a wand of mindburst (5)
Scrolls
 o - a scroll of noise {unknown}
 p - a scroll of fog {unknown}
 q - a scroll of identify {unknown}
 t - 2 scrolls of poison {unknown}
 v - 2 scrolls of immolation {unknown}
Potions
 e - 3 potions of might {unknown}
 j - a potion of haste {unknown}
 l - a potion of brilliance {unknown}
 r - a potion of invisibility {unknown}
 s - a potion of curing {unknown}
 w - a potion of mutation {unknown}
 x - 2 potions of magic {unknown}


   Skills:
 + Level 5.4 Fighting
 - Level 2.4 Maces & Flails
 - Level 0.8 Throwing
 - Level 1.2 Armour
 - Level 1.3 Dodging
 - Level 1.7 Spellcasting
 - Level 3.0 Translocations


You had 7 spell levels left.
You didn't know any spells.
Your spell library contained the following spells:

 Spells                   Type           Power      Damage    Failure   Level
 Blink                    Tloc           20%        N/A       34%         2
 Lesser Beckoning         Tloc           20%        N/A       34%         2
 Teleport Other           Tloc           10%        N/A       56%         3
 Sting                    Conj/Alch      4%         1d3       61%         1
 Mercury Vapours          Alch/Air       2%         N/A       75%         2
 Manifold Assault         Tloc           10%        N/A       92%         4
 Vhi's Electric Charge    Tloc/Air       10%        N/A       99%         4
 Olgreb's Toxic Radiance  Alch           1%         N/A       100%        4
 Arcjolt                  Conj/Air       0%         1d10      100%        5
 Maxwell's Capacitive Co  Air            0%         ∞         100%        8


Dungeon Overview and Level Annotations

Branches:
Dungeon (3/15)

Altars:
Fedhas
Wu Jian


Innate Abilities, Weirdness & Mutations

Armour fits poorly on your strangely shaped body.
You have extremely tough skin. (AC +3)
You have a long armoured tail.
You regenerate magic when rolling toward enemies. (Rampage MPRegen)


Message History

The gnoll hits you from afar with a +0 spear.
* * * LOW HITPOINT WARNING * * *
Unknown command.
You hit the gnoll.
Your tail-slap misses the gnoll.
The gnoll is almost dead.
The gnoll closely misses you. The gnoll hits you but does no damage.
Unknown command.
You hit the gnoll.
You kill the gnoll!
The Council accepts your kill.
The gnoll hits you from afar with a +0 spear.
* * * LOW HITPOINT WARNING * * *
Unknown command.
Press: ? - help, v - describe, . - travel, g - get item
Here: a gnoll, wielding a +1 heavy flail
Items here: a +2 antimagic halberd; a gnoll corpse.
The floor.
Unknown command.
Unknown command.
The gnoll attacks as it pursues you!
The gnoll hits you with a +1 heavy flail!
* * * LOW HITPOINT WARNING * * *
Okay, then.
Blink to where?
Press: ? - help, Dir - move target
As you read the scroll of blinking, it crumbles to dust.
Found a short sword.
You start resting.
A gnoll is nearby!
You hit the gnoll but do no damage.
Your tail-slap misses the gnoll.
The gnoll hits you with a +1 heavy flail!
* * * LOW HITPOINT WARNING * * *
You barely miss the gnoll. You hit the gnoll.
Your tail-slap misses the gnoll.
The gnoll is moderately wounded.
The gnoll barely misses you.
You hit the gnoll.
The gnoll is moderately wounded.
The gnoll hits you with a +1 heavy flail!
You die...

#########
#.....g@#
#.#####.#
#.# ##.##
##.####...#
#.........#
#..####...#
#..# #####
.######..#
.........#


You could see a gnoll.

Vanquished Creatures
  An ogre (D:6)
  A sky beast (D:6)
  Robin (D:3)
  A gnoll (D:6)
  3 adders (D:3)
  A dart slug (D:1)
  7 bats
  3 endoplasms
  7 goblins
  3 kobolds (D:1)
  3 quokkas
  3 ball pythons
  2 frilled lizards (D:2)
  3 rats
39 creatures vanquished.

Notes
Turn   | Place    | Note
-------+----------+-------------------------------------------
     0 | D:1      | cdecastro the Armataur Warper began the quest for the Orb.
     0 | D:1      | Reached XP level 1. HP: 17/17 MP: 3/3
   276 | D:1      | Reached XP level 2. HP: 18/24 MP: 4/4
   397 | D:1      | Reached skill level 2 in Fighting
   870 | D:2      | Found a faded altar of an unknown god.
   954 | D:2      | Prayed at the altar of an unknown god.
   954 | D:2      | Became a worshipper of the Wu Jian Council
   954 | D:2      | Reached * piety under Wu Jian
  1489 | D:2      | Reached XP level 3. HP: 30/30 MP: 5/5
  1847 | D:3      | Reached skill level 3 in Fighting
  1976 | D:3      | Found a blossoming altar of Fedhas.
  1991 | D:3      | Noticed Robin
  2054 | D:3      | Killed Robin
  2055 | D:3      | Reached XP level 4. HP: 17/39 MP: 6/6
  2093 | D:3      | You fall into a shaft and drop 3 floors!
  2164 | D:6      | Noticed a sky beast
  2184 | D:6      | Killed a sky beast
  2185 | D:6      | Reached skill level 4 in Fighting
  2185 | D:6      | Reached XP level 5. HP: 47/47 MP: 7/7
  2207 | D:6      | Noticed an ice beast
  2243 | D:6      | Noticed an ogre
  2251 | D:6      | Killed an ogre
  2252 | D:6      | Reached skill level 5 in Fighting
  2358 | D:6      | Slain by a gnoll

Illustrated notes

Levels and vault maps discovered:
D:1:      scummos_arrival_checkerplants, layout_loops_corners, serial_glass,
          glass_columns_b, glass_columns_b
D:2:      layout_basic, ebering_ecumenical_altar_mist
D:3:      layout_loops_cross, lemuel_crystal_altar,
          nicolae_overflow_ecumenical_swirl, serial_shops, nicolae_shop_stone,
          uniq_robin
D:6:      layout_loops_ring, serial_shops, shop

Skill      XL: |  1  2  3  4  5 |
---------------+----------------+-----
Maces & Flails | 2 |  2.4
Fighting       | 2 3 4 5 |  5.4
Throwing       | |  0.8
Armour         | |  1.2
Dodging        | |  1.3
Spellcasting   | |  1.7
Translocations | |  3.0

Action                     |  1- 3 |  4- 6 || total
---------------------------+-------+-------++-------
  Melee: Mace              |    40 |       ||    40
         Tailslap          |    12 |       ||    12
         Dagger            |    74 |    11 ||    85
         Punch             |     1 |       ||     1
Ability: Lunge             |     7 |     1 ||     8
  Evoke: Wand              |       |     5 ||     5
    Use: Scroll            |       |     1 ||     1
 Armour: Leather armour    |    47 |       ||    47
         Scale mail        |    19 |    10 ||    29
  Dodge: Dodged            |    53 |     3 ||    56
